 Dungeon Crawl Stone Soup version 0.30-a0-169-g06f667207d (webtiles) character file.

Game seed: 13071976909912613515

4258 qw the Cleaver (level 10, -7/69 HPs)
             Began as a Gargoyle Fighter on Sept 29, 2022.
             Was a Follower of Okawaru.
             Mangled by Grum
             ... wielding a +0 glaive
              (20 damage)
             ... on level 8 of the Dungeon.
             The game lasted 00:02:32 (5971 turns).

qw the Cleaver (Gargoyle Fighter)                   Turns: 5971, Time: 00:02:32

Health: -7/69      AC: 30    Str: 24    XL:     10   Next: 31%
Magic:  12/13      EV: 10    Int:  9    God:    Okawaru [*.....]
Gold:   168        SH:  6    Dex: 15    Spells: 9/9 levels left

rFire   . . .      SeeInvis .    Y - +1 war axe (elec)
rCold   . . .      Faith    .    c - +0 buckler
rNeg    + . .      Spirit   .    g - +0 plate armour
rPois   inf        Reflect  .    p - +0 helmet
rElec   +          Harm     .    (no cloak)
rCorr   .          Rampage  .    l - +2 pair of gloves
Will    +....                    o - +1 pair of boots
Stlth   ..........               v - amulet of the acrobat
HPRegen 1.01/turn                j - +6 ring of dexterity
MPRegen 0.13/turn                r - ring of willpower

@: heroic
A: sickness immunity, AC +7, negative energy resistance 1, electricity
resistance, torment resistance 1, petrification resistance, regeneration 1,
robust 1
a: Renounce Religion, Heroism


You were on level 8 of the Dungeon.
You worshipped Okawaru.
Okawaru was aware of your devotion.
You visited 1 branch of the dungeon, and saw 8 of its levels.

You collected 348 gold pieces.
You spent 180 gold pieces at shops.


Innate Abilities, Weirdness & Mutations

You are immune to sickness and miasma.
Your stone body is resilient. (AC +7)
You are immune to poison.
You resist negative energy. (rN+)
You are resistant to electric shocks. (rElec)
You are resistant to unholy torment.
You are immune to petrification.
Your natural rate of healing is unusually fast.
You are robust. (+10% HP)


   Skills:
 - Level 7.0(12.0) Fighting
 - Level 10.0(15.0) Axes
 - Level 2.7(7.7) Throwing
 + Level 6.7(11.7) Armour
 - Level 2.0(7.0) Dodging
 - Level 4.2(9.2) Shields
 - Level 4.0 Invocations


You had 9 spell levels left.
You didn't know any spells.
Your spell library was empty.

Inventory:

Hand Weapons
 s - a +0 morningstar
 Y - a +1 war axe of electrocution (weapon)
Missiles
 f - 5 boomerangs
 n - a silver boomerang
 u - 2 javelins (quivered)
Armour
 c - a +0 buckler (worn)
 g - a +0 plate armour (worn)
 l - a +2 pair of gloves (worn)
 o - a +1 pair of boots (worn)
 p - a +0 helmet (worn)
Jewellery
 i - a ring of fire
 j - a +6 ring of dexterity (left hand)
 r - a ring of willpower (right hand)
 v - an amulet of the acrobat (around neck)
Wands
 b - a wand of digging (4)
Scrolls
 h - 2 scrolls of identify
Potions
 a - 3 potions of curing
 d - 4 potions of might
 e - 3 potions of mutation
 k - a potion of lignification
 m - a potion of attraction
 q - a potion of resistance
 t - a potion of magic

Dungeon Overview and Level Annotations

Branches:
Dungeon (8/15)             Temple (0/1) D:7
   Lair: D:8-11

Altars:
Hepliaklqana
Kikubaaqudgha
Okawaru
Wu Jian

Shops:
D:3 (   D:4 [   D:5 *

Annotations:
D:4 2 transporters, qw's ghost, amateur GrFi
D:5 1 runed translucent door, Crazy Yiuf
D:8 Grum


Message History

You kill the orc!
Okawaru accepts your kill.
The centaur hits you but does no damage.
You block the centaur's attack.
A killer bee comes into view.
Grum hits you but does no damage. The orc barely misses you.
The centaur hits you but does no damage.
You block the centaur's attack.
A killer bee comes into view.
You closely miss the centaur.
The centaur is moderately wounded.
The killer bee buzzes angrily.
You slash the orc priest! You slash the orc!
You kill the orc!
Okawaru accepts your kill.
You hear a shout!
The centaur hits you but does no damage.
The centaur closely misses you. Grum misses you.
The orc priest hits you but does no damage.
You slice the orc priest!!
Lightning courses through the orc priest!
You kill the orc priest!
Okawaru accepts your kill.
You slash the centaur! Lightning courses through the centaur!!
You kill the centaur!
Okawaru accepts your kill. Grum misses you.
Found 11 gold pieces.
You block Grum's attack.
You hit Grum. Lightning courses through Grum!
Grum is heavily wounded.
You barely miss the killer bee. You closely miss the killer bee.
The killer bee stings you but does no damage.
The killer bee closely misses you.
You barely miss Grum.
Grum is heavily wounded.
You slash the killer bee! x2
The killer bee closely misses you. The killer bee stings you.
Grum hits you with a +0 glaive!!
You die...

#.......$.# #
#.....>...#
#.###.>.......###
....#............
...............)
..............###
......g.......$.#
......y@)).......
......y..)......#
..$###.)%<......#
# ##.....[...#
.........####
####....#.#
##.....# ##.#...
#....#.


You could see Grum and 2 killer bees.

Vanquished Creatures
  Grinder (D:5)
  A steam dragon (D:4)
  3 water moccasins
  An orc warrior (D:7)
  An ice beast (D:5)
  A sky beast (D:6)
  5 ogres
  3 wolves (D:8)
  3 centaurs
  A phantom (D:5)
  2 kobold brigands (D:7)
  Blork the orc (D:4)
  2 bullfrogs
  2 gnoll sergeants
  3 scorpions
  5 wights (D:6)
  4 killer bees (D:8)
  A howler monkey (D:6)
  A quasit (D:7)
  4 hounds
  4 orc priests
  6 gnoll boudas
  3 jellies
  Jessica (D:3)
  4 orc wizards
  Ijyb (D:3)
  2 iguanas (D:4)
  2 hound skeletons (D:3)
  6 adders
  26 gnolls
  3 shadow imps
  3 white imps (D:7)
  3 ufetubi
  2 adder skeletons (D:3)
  An adder zombie (D:3)
  A worm (D:2)
  3 dart slugs
  21 orcs
  5 bats
  An endoplasm (D:2)
  4 giant cockroaches
  7 goblins
  6 hobgoblins
  3 jackals (D:1)
  3 quokkas (D:2)
  6 ball pythons
  4 frilled lizards
  11 kobolds
  7 rats
194 creatures vanquished.

Vanquished Creatures (others)
  5 demonic plants (D:7)
  6 fungi (D:7)
  7 plants (D:7)
18 creatures vanquished.

Grand Total: 212 creatures vanquished

Notes
Turn   | Place    | Note
-------+----------+-------------------------------------------
     0 | D:1      | qw the Gargoyle Fighter began the quest for the Orb.
     0 | D:1      | Reached XP level 1. HP: 14/14 MP: 1/1
     0 | D:1      | 0 ||| qw: Version: 0.2-a-12-gaebbb33
     0 | D:1      | 0 ||| qw: Game counter: 1317
     0 | D:1      | 0 ||| qw: Always use a shield: true
     0 | D:1      | 0 ||| qw: God list: Okawaru
     0 | D:1      | 0 ||| qw: Allow faded altars: false
     0 | D:1      | 0 ||| qw: Do Orc after D:15 true
     0 | D:1      | 0 ||| qw: Do second Lair branch before Depths: true
     0 | D:1      | 0 ||| qw: Lair rune preference: random
     0 | D:1      | 0 ||| qw: Plans: Normal, Zot:1-4, God:TSO, Crypt, Tomb,
                  | Pan, Slime:5, Hells, Abyss, Orb
     0 | D:1      | 0 ||| PLANNING D:1-11
    28 | D:1      | 28 ||| Stepping ~*~*~tactically~*~*~ (stealth).
    29 | D:1      | 29 ||| Stepping ~*~*~tactically~*~*~ (stealth).
    33 | D:1      | 33 ||| Stepping ~*~*~tactically~*~*~ (stealth).
    37 | D:1      | Reached skill level 2 in Axes
   117 | D:1      | 117 ||| Stepping ~*~*~tactically~*~*~ (stealth).
   119 | D:1      | 119 ||| Stepping ~*~*~tactically~*~*~ (stealth).
   120 | D:1      | 120 ||| Stepping ~*~*~tactically~*~*~ (stealth).
   150 | D:1      | 150 ||| Stepping ~*~*~tactically~*~*~ (stealth).
   156 | D:1      | Reached XP level 2. HP: 17/19 MP: 2/2
   543 | D:1      | Reached skill level 3 in Axes
   611 | D:1      | Reached XP level 3. HP: 23/23 MP: 3/3
   800 | D:1      | Found a faded altar of an unknown god.
   804 | D:1      | 804 ||| UPGRADING to +0 plate armour.
   814 | D:1      | 814 ||| DROPPING +0 scale mail.
   815 | D:1      | 815 ||| UPGRADING to +0 pair of gloves.
   820 | D:1      | 820 ||| UPGRADING to +6 ring of dexterity.
   821 | D:1      | 821 ||| READING scroll labelled FATARA EGIAHEDGH.
   822 | D:1      | 822 ||| READING 2 scrolls labelled DUREMIL AHA.
  1136 | D:2      | Reached skill level 1 in Throwing
  1177 | D:2      | 1177 ||| Stepping ~*~*~tactically~*~*~ (stealth).
  1178 | D:2      | 1178 ||| Stepping ~*~*~tactically~*~*~ (stealth).
  1180 | D:2      | 1180 ||| Stepping ~*~*~tactically~*~*~ (stealth).
  1183 | D:2      | 1183 ||| Stepping ~*~*~tactically~*~*~ (stealth).
  1201 | D:2      | 1201 ||| Stepping ~*~*~tactically~*~*~ (stealth).
  1208 | D:2      | Reached XP level 4. HP: 26/28 MP: 4/4
  1509 | D:2      | 1509 ||| UPGRADING to +1 pair of boots.
  1514 | D:2      | 1514 ||| UPGRADING to ring of willpower.
  1515 | D:2      | 1515 ||| READING scroll labelled CISIYPT XEQALU.
  1520 | D:2      | 1520 ||| READING scroll labelled QOJOZUO KIANN.
  1521 | D:2      | 1521 ||| READING scroll labelled ZUNOETR JIBRU.
  1522 | D:2      | 1522 ||| DRINKING 2 fizzy cyan potions.
  1523 | D:2      | 1523 ||| DRINKING 3 brown potions.
  1523 | D:2      | Gained mutation: Your natural rate of healing is unusually
                  | fast. [potion of mutation]
  1523 | D:2      | Gained mutation: You are robust. (+10% HP) [potion of
                  | mutation]
  1591 | D:3      | Noticed Ijyb
  1592 | D:3      | 1592 ||| Stepping ~*~*~tactically~*~*~ (hiding).
  1593 | D:3      | 1593 ||| Stepping ~*~*~tactically~*~*~ (hiding).
  1599 | D:3      | Killed Ijyb
  1600 | D:3      | Reached skill level 4 in Axes
  1636 | D:3      | 1636 ||| Stepping ~*~*~tactically~*~*~ (stealth).
  1637 | D:3      | 1637 ||| Stepping ~*~*~tactically~*~*~ (stealth).
  1638 | D:3      | 1638 ||| Stepping ~*~*~tactically~*~*~ (stealth).
  1639 | D:3      | 1639 ||| Stepping ~*~*~tactically~*~*~ (stealth).
  1640 | D:3      | 1640 ||| Stepping ~*~*~tactically~*~*~ (stealth).
  1641 | D:3      | 1641 ||| Stepping ~*~*~tactically~*~*~ (stealth).
  1649 | D:3      | 1649 ||| Stepping ~*~*~tactically~*~*~ (stealth).
  1688 | D:3      | 1688 ||| Stepping ~*~*~tactically~*~*~ (stealth).
  1784 | D:3      | Noticed Jessica
  1799 | D:3      | Killed Jessica
  1800 | D:3      | Reached skill level 1 in Dodging
  1800 | D:3      | Reached XP level 5. HP: 33/35 MP: 5/5
  1808 | D:3      | You fall into a shaft and drop 2 floors!
  1808 | D:5      | Entered Level 5 of the Dungeon
  1839 | D:5      | 1839 ||| UPGRADING to +0 helmet.
  1844 | D:5      | 1844 ||| DRINKING 2 bubbling silvery potions.
  1945 | D:5      | 1945 ||| DROPPING potion of ambrosia.
  1951 | D:4      | Found Lemudghyd's Antique Armour Shoppe.
  1961 | D:4      | 1961 ||| SHOPLISTING ichor-stained chain mail (218 gold,
                  | have 85).
  1961 | D:4      | 1961 ||| SHOPLISTING runed orb (276 gold, have 85).
  2175 | D:3      | 2175 ||| Stepping ~*~*~tactically~*~*~ (stealth).
  2190 | D:3      | Found Xietsoci's Weapon Boutique.
  2193 | D:3      | 2193 ||| Stepping ~*~*~tactically~*~*~ (hiding).
  2246 | D:3      | 2246 ||| Stepping ~*~*~tactically~*~*~ (stealth).
  2247 | D:3      | 2247 ||| Stepping ~*~*~tactically~*~*~ (stealth).
  2248 | D:3      | 2248 ||| Stepping ~*~*~tactically~*~*~ (stealth).
  2251 | D:3      | 2251 ||| Stepping ~*~*~tactically~*~*~ (stealth).
  2265 | D:3      | 2265 ||| DROPPING +0 club.
  2487 | D:3      | 2487 ||| READING scroll labelled DISIMN APAK RAF.
  2531 | D:4      | Noticed Blork the orc
  2532 | D:4      | 2532 ||| Stepping ~*~*~tactically~*~*~ (hiding).
  2543 | D:4      | Reached XP level 6. HP: 40/40 MP: 6/6
  2550 | D:4      | Reached skill level 5 in Axes
  2550 | D:4      | Killed Blork the orc
  2763 | D:4      | Found a transporter.
  2808 | D:4      | Noticed a steam dragon
  2811 | D:4      | 2811 ||| READING 3 scrolls labelled METZEGG TIYBOA.
  2816 | D:4      | Killed a steam dragon
  2817 | D:4      | Reached skill level 6 in Axes
  2817 | D:4      | Reached XP level 7. HP: 43/47 MP: 7/7
  2902 | D:4      | Found a transporter.
  2905 | D:4      | Noticed qw's ghost (amateur GrFi)
  3087 | D:4      | Found an ornate altar of the Wu Jian Council.
  3213 | D:4      | 3213 ||| READING scroll labelled QUBLYSS MUCUAC.
  3214 | D:4      | 3214 ||| DRINKING 2 inky potions.
  3215 | D:4      | 3215 ||| READING 2 scrolls of identify.
  3215 | D:4      | 3215 ||| IDENTIFYING fizzy red potion
  3216 | D:4      | 3216 ||| DROPPING potion of flight.
  3217 | D:4      | 3217 ||| DROPPING 2 scrolls of poison.
  3237 | D:5      | 3237 ||| STAIRDANCE
  3322 | D:5      | 3322 ||| READING scroll of enchant armour.
  3322 | D:5      | 3322 ||| ENCHANTING +0 pair of gloves.
  3327 | D:5      | Noticed Grinder
  3336 | D:5      | Killed Grinder
  3337 | D:5      | Reached skill level 7 in Axes
  3337 | D:5      | Reached XP level 8. HP: 47/52 MP: 8/8
  3459 | D:5      | 3459 ||| DROPPING +0 flail.
  3532 | D:5      | 3532 ||| Stepping ~*~*~tactically~*~*~ (stealth).
  3534 | D:5      | 3534 ||| Stepping ~*~*~tactically~*~*~ (hiding).
  3630 | D:5      | Found Ofuusig's General Store.
  3636 | D:5      | 3636 ||| BUYING scroll of enchant armour (90 gold).
  3636 | D:5      | Bought a scroll of enchant armour for 90 gold pieces
  3636 | D:5      | 3636 ||| BUYING scroll of enchant weapon (90 gold).
  3636 | D:5      | Bought a scroll of enchant weapon for 90 gold pieces
  3636 | D:5      | 3636 ||| SHOPLISTING scroll of teleportation (36 gold, have
                  | 21).
  3636 | D:5      | 3636 ||| READING scroll of enchant armour.
  3636 | D:5      | 3636 ||| ENCHANTING +1 pair of gloves.
  3637 | D:5      | 3637 ||| READING scroll of enchant weapon.
  3637 | D:5      | 3637 ||| ENCHANTING +0 war axe of electrocution.
  3866 | D:5      | Found a runed translucent door.
  3867 | D:5      | Identified the +5 hammer "Nierenk" {elec, rElec Str+4}
  3870 | D:5      | Noticed Crazy Yiuf
  3977 | D:5      | 3977 ||| READING scroll labelled QOTSUGA RISHRAD.
  3978 | D:5      | 3978 ||| READING 2 scrolls of identify.
  3978 | D:5      | 3978 ||| IDENTIFYING grey potion
  4026 | D:6      | Found an ancient bone altar of Kikubaaqudgha.
  4080 | D:6      | Reached skill level 8 in Axes
  4158 | D:6      | 4158 ||| Stepping ~*~*~tactically~*~*~ (hiding).
  4173 | D:6      | Reached XP level 9. HP: 59/60 MP: 9/9
  4214 | D:6      | Reached skill level 6 in Fighting
  4219 | D:6      | 4219 ||| Stepping ~*~*~tactically~*~*~ (stealth).
  4246 | D:6      | Reached skill level 9 in Axes
  4306 | D:6      | Found an iron altar of Okawaru.
  4308 | D:6      | 4308 ||| READING scroll labelled FUTHRO JEFAC.
  4309 | D:6      | 4309 ||| READING scroll labelled FIAWNOFO TOEMU.
  4310 | D:6      | 4310 ||| Stepping randomly (stuck).
  4311 | D:6      | 4311 ||| Stepping randomly (stuck).
  4312 | D:6      | 4312 ||| Stepping randomly (stuck).
  4313 | D:6      | 4313 ||| Stepping randomly (stuck).
  4745 | D:6      | 4745 ||| PLANNING OKAWARU WORSHIP
  4745 | D:6      | Became a worshipper of Warmaster Okawaru
  4746 | D:6      | 4746 ||| PLANNING D:1-11
  4789 | D:7      | Reached skill level 6 in Armour
  4789 | D:7      | 4789 ||| Stepping ~*~*~tactically~*~*~ (hiding).
  4790 | D:7      | 4790 ||| STAIRDANCE
  4810 | D:7      | 4810 ||| STAIRDANCE
  4817 | D:7      | 4817 ||| STAIRDANCE
  4831 | D:7      | 4831 ||| Stepping ~*~*~tactically~*~*~ (stealth).
  4832 | D:7      | 4832 ||| Stepping ~*~*~tactically~*~*~ (stealth).
  4833 | D:7      | 4833 ||| Stepping ~*~*~tactically~*~*~ (stealth).
  4878 | D:7      | 4878 ||| Stepping ~*~*~tactically~*~*~ (hiding).
  4892 | D:7      | 4892 ||| Stepping ~*~*~tactically~*~*~ (hiding).
  4904 | D:7      | 4904 ||| Stepping ~*~*~tactically~*~*~ (stealth).
  4913 | D:7      | Reached * piety under Okawaru
  4914 | D:7      | 4914 ||| INVOKING Heroism.
  4934 | D:7      | 4934 ||| Stepping ~*~*~tactically~*~*~ (stealth).
  4940 | D:7      | 4940 ||| Stepping ~*~*~tactically~*~*~ (stealth).
  4967 | D:7      | 4967 ||| Stepping ~*~*~tactically~*~*~ (hiding).
  4970 | D:7      | 4970 ||| INVOKING Heroism.
  5175 | D:7      | Found a staircase to the Ecumenical Temple.
  5202 | D:7      | Found a hazy altar of Hepliaklqana.
  5207 | D:7      | 5207 ||| Stepping ~*~*~tactically~*~*~ (hiding).
  5219 | D:7      | Reached skill level 1 in Invocations
  5314 | D:7      | 5314 ||| INVOKING Heroism.
  5557 | D:7      | 5557 ||| INVOKING Heroism.
  5574 | D:7      | Reached XP level 10. HP: 68/69 MP: 9/12
  5584 | D:7      | Reached skill level 3 in Invocations
  5776 | D:7      | 5776 ||| Stepping ~*~*~tactically~*~*~ (hiding).
  5779 | D:7      | 5779 ||| INVOKING Heroism.
  5887 | D:7      | 5887 ||| UPGRADING to amulet of the acrobat.
  5892 | D:7      | 5892 ||| READING 4 scrolls of identify.
  5892 | D:7      | 5892 ||| IDENTIFYING black potion
  5893 | D:7      | 5893 ||| READING 3 scrolls of identify.
  5893 | D:7      | 5893 ||| IDENTIFYING smoky cyan potion
  5951 | D:8      | Noticed Grum
  5952 | D:8      | 5952 ||| INVOKING Heroism.
  5963 | D:8      | Reached skill level 10 in Axes
  5965 | D:8      | HP: 10/69 [orc priest/divine providence (12)]
  5971 | D:8      | HP: 13/69 [killer bee (2)]
  5971 | D:8      | Mangled by Grum

Levels and vault maps discovered:
D:1:      dpeg_arrival_renting, layout_rooms,
          shapermc_ecumenical_altar_hornbeckon
D:2:      layout_loops_ring, minmay_pentomino_q2
D:3:      layout_loops_ring, serial_undead, serial_undead_f, serial_undead_a,
          serial_undead_b, serial_undead_a, serial_shops,
          nicolae_shop_bloodbath_and_beyond, minmay_cupped, uniq_ijyb,
          uniq_jessica
D:4:      layout_basic, pdpol_wu_jian_five_deadly_venoms,
          gammafunk_ghost_stat_death, serial_shops, shop, st_stairs_4,
          amcnicky_mini_pool_small, uniq_blork_the_orc
D:5:      layout_loops_cross, serial_shops, kennysheep_little_box, uniq_grinder,
          uniq_crazy_yiuf_cottage
D:6:      layout_basic, mainiacjoe_overflow_brackets,
          mainiacjoe_overflow_tiny_flanked
D:7:      kennysheep_seaside_town, layout_loops_cross,
          nicolae_hepliaklqana_hazy_memory, minmay_temple_entry_tees,
          serial_demonic, serial_demonic_a, serial_demonic_a, serial_demonic_g,
          serial_demonic_g, serial_demonic_c, serial_demonic_c,
          serial_demonic_g, serial_demonic_d, chequers_serial_rivers_micro_d
D:8:      layout_rooms, overflow_temple_1_default,
          nicolae_qazlal_eye_of_the_storm, mainiacjoe_overflow_alcove_1,
          tgw_sif, hellmonk_ghost_big_iron, serial_bayou_pond_e, uniq_maggie,
          uniq_grum

Skill      XL: |  1  2  3  4  5  6  7  8  9 10 |
---------------+-------------------------------+-----
Axes           | 2 3 4 6 7 8 9 10 | 10.0
Throwing       | 1 2 |  2.7
Dodging        | 1 2 |  2.0
Fighting       | 4 5 7 |  7.0
Armour         | 4 5 6 |  6.7
Shields        | 4 |  4.2
Invocations    | 2 4 |  4.0

Action                   |  1- 3 |  4- 6 |  7- 9 | 10-12 || total
-------------------------+-------+-------+-------+-------++-------
Melee: War axe           |    91 |    98 |   213 |    36 ||   438
Throw: Javelin           |    11 |    29 |    49 |     1 ||    90
       Boomerang         |       |       |     4 |       ||     4
Invok: Heroism           |       |       |     4 |     2 ||     6
  Use: Scroll            |     2 |     5 |     9 |     2 ||    18
       Potion            |       |     3 |     1 |       ||     4
Armor: Scale mail        |    42 |       |       |       ||    42
       Plate armour      |    20 |    70 |   149 |    44 ||   283
Dodge: Dodged            |    32 |    34 |    77 |    29 ||   172
Block: Buckler           |    21 |    24 |    66 |    19 ||   130

Table legend:
 A = Non-vault XP
 B = Vault XP
 C = Vault XP percentage of total XP
 D = Non-vault monster count
 E = Vault monster count
 F = Vault count percentage of total count
                 A         B        C        D         E       F
            +---------+---------+-------+---------+---------+-------
      Total |    4084 |    2000 |  32.9 |     147 |      47 |  24.2
            +---------+---------+-------+---------+---------+-------
        D:1 |      37 |       0 |   0.0 |      22 |       0 |   0.0
        D:2 |      50 |       3 |   5.7 |      19 |       2 |   9.5
        D:3 |      56 |     128 |  69.6 |      15 |       8 |  34.8
        D:4 |     479 |      94 |  16.4 |      18 |       3 |  14.3
        D:5 |     721 |     277 |  27.8 |      11 |       1 |   8.3
        D:6 |    1319 |       8 |   0.6 |      26 |       1 |   3.7
        D:7 |     780 |    1144 |  59.5 |      24 |      29 |  54.7
        D:8 |     642 |     346 |  35.0 |      12 |       3 |  20.0
            +---------+---------+-------+---------+---------+-------
